Cogmind - Beta 10.2 *** ADVENTURER MODE // 2020.11.30 @ 12:35:16 // Halloween2020/ForbiddenLore Player: Alexlascribe Result: Self-destructed Performance ------------- Evolutions (2) 1000 Regions Visited (4) 800 Robots Destroyed (26) 130 Value Destroyed (700) 700 Prototype IDs (0) 0 Alien Tech Used (0) 0 Bonus (3) 3 TOTAL SCORE: 2633 Bonus ------- Follower Combat Kills 240 Friendly Fire -237 Cogmind --------- Core Integrity 384/550 Matter 300/300 Energy 93/100 System Corruption 0% Temperature Cool (275) Movement Core (300) Ox5 Location -8/Materials Parts ------- > --- POWER (2) -------- (None) > --- PROPULSION (2) --- (None) > --- UTILITY (4) ------ Improved Heat Sink Large Storage Unit Target Analyzer Armor Integrity Analyzer > --- WEAPON (3) ------- (None) > --- INVENTORY (10) --- Aluminum Leg Carbon-fiber Leg Improved Heat Sink Targeting Computer Target Analyzer Armor Integrity Analyzer Peak State ------------ > --- POWER ------------ Light Ion Engine Light Nuclear Core > --- PROPULSION ------- Carbon-fiber Leg Carbon-fiber Leg > --- UTILITY ---------- Improved Heat Sink Large Storage Unit Target Analyzer Armor Integrity Analyzer > --- WEAPON ----------- Small Laser Electrolaser Heavy Laser > --- INVENTORY -------- Aluminum Leg Carbon-fiber Leg Improved Heat Sink Targeting Computer Target Analyzer Armor Integrity Analyzer Small Laser [Rating: 28] Favorites ----------- Power Light Nuclear Core Engine Ion Engine Power Core Light Nuclear Core Propulsion Aluminum Leg Treads Light Treads Leg Aluminum Leg Utility Improved Heat Sink Device Improved Heat Sink Storage Large Storage Unit Processor Armor Integrity Analyzer Weapon Medium Laser Energy Gun Medium Laser Build | -11 -10 -10 -9 -8 ------- Run | Scr Mat Min Mat Mat Slots Evolved 4 | . . . 2 2 Power 1 | . . . . 1 Propulsion . | . . . . . Utility 2 | . . . 2 . Weapon 1 | . . . . 1 Parts Attached 35 | 6 3 9 7 10 Power 5 | 1 . 2 . 2 Engine 3 | 1 . 1 . 1 Core 2 | . . 1 . 1 Reactor . | . . . . . Propulsion 8 | 2 . 2 1 3 Treads 2 | 2 . . . . Leg 6 | . . 2 1 3 Wheel . | . . . . . Hover . | . . . . . Flight . | . . . . . Utility 9 | 1 1 3 4 . Device 3 | . . 1 2 . Storage 2 | 1 . 1 . . Processor 4 | . 1 1 2 . Hackware . | . . . . . Protection . | . . . . . Artifact . | . . . . . Weapon 13 | 2 2 2 2 5 Energy Gun 13 | 2 2 2 2 5 Energy Cannon . | . . . . . Ballistic Gun . | . . . . . Ballistic Cannon . | . . . . . Launcher . | . . . . . Special Weapon . | . . . . . Impact Weapon . | . . . . . Slashing Weapon . | . . . . . Piercing Weapon . | . . . . . Special Melee Weapon . | . . . . . Unidentified Prototypes . | . . . . . Parts Lost 16 | . . 5 1 10 Power 3 | . . 1 . 2 Propulsion 3 | . . . . 3 Utility 2 | . . 2 . . Weapon 8 | . . 2 1 5 Highest Loss Streak 9 | . . 5 1 9 Average Slot Usage (%) 96 | . 91 98 95 98 Engine 6 | . 14 3 . 8 Core 7 | . . 9 11 8 Treads 9 | . 28 8 . . Leg 14 | . . 19 22 17 Device 9 | . . 11 20 9 Storage 12 | . 14 14 11 9 Processor 8 | . 6 2 10 18 Energy Gun 26 | . 28 28 20 26 Naked Turns . | . . . . . Heaviest Build 32 | 13 14 27 28 32 Greatest Support 40 | 40 40 40 20 30 Greatest Overweight (x) 1 | . . 1 1 1 Average Overweight (x) . | . . . 1 1 Largest Inventory Capacity 10 | 6 6 10 10 10 Average Capacity 8 | 4 6 8 10 10 Most Carried 8 | . 4 5 6 8 Average Carried 4 | . 3 3 4 5 Final Capacity 10 | 6 6 10 10 10 Final Carried 6 | . 4 5 6 6 Class Distribution -------------------- 39% | Scavenger-Mutant 37% | Mutant 23% | Scavenger-Gunner Dominant Class ---------------- Mutant | -10/Materials Scavenger-Mutant | -10/Mines Scavenger-Mutant | -9/Materials Scavenger-Gunner | -8/Materials Resources | -11 -10 -10 -9 -8 ----------- Run | Scr Mat Min Mat Mat Matter Collected 524 | 182 16 179 47 100 Remotely . | . . . . . Salvage Created 958 | . 76 78 189 615 Parts 59 | . 9 1 16 33 Haulers Intercepted . | . . . . . Recyclers Shooed . | . . . . . Parts Field Recycled . | . . . . . Retrieved Matter . | . . . . . Parts Self-Destructed . | . . . . . Prevented . | . . . . . Kills | -11 -10 -10 -9 -8 ------- Run | Scr Mat Min Mat Mat Combat Hostiles Destroyed 20 | . 3 4 3 10 Guns 20 | . 3 4 3 10 Classes Destroyed 8 | . 2 1 1 4 Recycler 1 | . . . . 1 Operator 1 | . . . . 1 Watcher 6 | . 1 . 4 1 Swarmer 6 | . 3 1 2 . Grunt 10 | . . . 2 8 Sentry 1 | . . . . 1 Hunter 1 | . . . . 1 Assembled 3 | . . 3 . . Best Kill Streak 4 | . 3 2 3 4 Combat Bots Only 4 | . 3 2 2 4 Max Kills in Single Turn 2 | . 2 1 1 2 Gunslinging 1 | . 1 . . 1 Exploded . | . . . . . Melee . | . . . . . Uniques/NPCs Destroyed . | . . . . . Combat | -11 -10 -10 -9 -8 -------- Run | Scr Mat Min Mat Mat Damage Taken 1501 | . 95 555 110 741 Core 255 | . 12 55 22 166 Absorbed by Shields . | . . . . . Core Remaining (%) 89 | 100 . 73 94 . Volleys Fired 77 | . 9 12 24 32 Largest 3 | . 2 2 2 3 Hottest 159 | . 85 95 95 159 Shots Fired 165 | . 18 23 40 84 Gun 165 | . 18 23 40 84 Cannon . | . . . . . Launcher . | . . . . . Special . | . . . . . Kinetic . | . . . . . Thermal 119 | . . 5 30 84 Explosive . | . . . . . Electromagnetic 46 | . 18 18 10 . Robot Hit Streak 39 | . 7 14 12 39 Robot Miss Streak 2 | . 1 1 2 2 Penetration Max . | . . . . . Secondary Targets 5 | . 1 2 1 1 Max Gunslinging Chain 1 | . 1 1 1 1 Shots Hit Robots 133 | . 15 19 29 70 Core Hits 61 | . 4 8 12 37 Critical Hits . | . . . . . Critical Kills . | . . . . . Critical Parts Destroyed . | . . . . . Melee Attacks . | . . . . . Impact . | . . . . . Slashing . | . . . . . Piercing . | . . . . . Sneak Attacks . | . . . . . Combat Hostiles . | . . . . . Follow-up Attacks . | . . . . . Damage Inflicted 1846 | . 220 233 473 920 Guns 1636 | . 116 233 367 920 Cannons . | . . . . . Explosions 210 | . 104 . 106 . Melee . | . . . . . Ramming . | . . . . . Kinetic . | . . . . . Thermal 1450 | . 104 50 376 920 Explosive . | . . . . . Electromagnetic 396 | . 116 183 97 . Impact . | . . . . . Slashing . | . . . . . Piercing . | . . . . . Highest Corruption 7 | . . 7 . . Average Corruption 6 | . . 6 . . Corruption Purged . | . . . . . Effects 10 | . . 10 . . Message Errors 4 | . . 4 . . Matter Fused 4 | . . 4 . . Heat Flow Errors 1 | . . 1 . . Weapon Failures 1 | . . 1 . . Overload Shots . | . . . . . Overflow Damage . | . . . . . Projectiles . | . . . . . Explosions . | . . . . . Melee . | . . . . . Knockbacks . | . . . . . Impact . | . . . . . Kinetic . | . . . . . Secondary . | . . . . . Self-Inflicted Damage 10 | . . . 10 . Shots 1 | . . . 1 . Rammed . | . . . . . Targets Rammed . | . . . . . Kicked . | . . . . . Crushed . | . . . . . Highest Temperature 408 | . 96 177 . 408 Average Temperature 115 | . 35 60 . 155 Received Heat Transfer 474 | . . 9 42 423 Effects 4 | . . . . 4 Shutdowns 1 | . . . . 1 Interference 3 | . . . . 3 Siege Activations . | . . . . . Robots Corrupted . | . . . . . Combat Hostiles . | . . . . . Parts Fried . | . . . . . Impact Corruptions . | . . . . . Robots Melted . | . . . . . Combat Hostiles . | . . . . . Parts Melted 4 | . 1 . 1 2 Heat Transferred 3382 | . 100 148 916 2218 Parts Sabotaged . | . . . . . Parts Stolen . | . . . . . Parts Stripped . | . . . . . Power Chain Reactions 3 | . 2 . 1 . Missiles Intercepted . | . . . . . Alert | -11 -10 -10 -9 -8 ------- Run | Scr Mat Min Mat Mat Peak Influence 393 | . 107 66 329 393 Initial 118 | . . . . 118 Average 104 | . 46 28 168 218 Maximum Alert Level 1 | . . . 1 1 Low Security (%) 79 | 100 100 100 51 51 Level 1 20 | . . . 48 48 Level 2 . | . . . . . Level 3 . | . . . . . Level 4 . | . . . . . Level 5 . | . . . . . High Security . | . . . . . Max Security . | . . . . . Squads Dispatched 4 | . . . 1 3 Investigation . | . . . . . Extermination . | . . . . . Reinforcement 4 | . . . 1 3 Assault . | . . . . . Garrison . | . . . . . Intercept . | . . . . . Construction Impeded . | . . . . . Haulers Reinforced . | . . . . . Stealth | -11 -10 -10 -9 -8 --------- Run | Scr Mat Min Mat Mat Distress Signals 4 | . . . 3 1 Communications Jammed . | . . . . . Distress Signals . | . . . . . Times Spotted 62 | . 7 18 19 18 Peak Tracking Total 12 | . 3 12 5 7 Tactical Retreats 2 | . . 1 1 . Traps | -11 -10 -10 -9 -8 ------- Run | Scr Mat Min Mat Mat Traps Triggered . | . . . . . Indirectly . | . . . . . Trap Hack Attempts . | . . . . . Triggered . | . . . . . Disarmed . | . . . . . Reprogrammed . | . . . . . Reused . | . . . . . Traps Extracted . | . . . . . Installed . | . . . . . Triggered . | . . . . . Machines | -11 -10 -10 -9 -8 ---------- Run | Scr Mat Min Mat Mat Machines Disabled . | . . . . . Max in Single Turn . | . . . . . Machines Sabotaged . | . . . . . Garrisons Compromised . | . . . . . Overloaded Fab Kills . | . . . . . Fab Network Shutdowns . | . . . . . Hacking | -11 -10 -10 -9 -8 --------- Run | Scr Mat Min Mat Mat Machines Accessed 1 | . . . . 1 Terminals 1 | . . . . 1 Fabricators . | . . . . . Repair Stations . | . . . . . Recycling Units . | . . . . . Scanalyzers . | . . . . . Garrison Access . | . . . . . Total Hacks 3 | . . . . 3 Successful 1 | . . . . 1 Failed 2 | . . . . 2 Catastrophic 1 | . . . . 1 Database Lockouts . | . . . . . Manual 3 | . . . . 3 Terminals 3 | . . . . 3 Fabricators . | . . . . . Repair Stations . | . . . . . Recycling Units . | . . . . . Scanalyzers . | . . . . . Garrison Access . | . . . . . Terminal Hacks 1 | . . . . 1 Level Access Points 1 | . . . . 1 Fabricator Hacks . | . . . . . Repair Station Hacks . | . . . . . Recycling Unit Hacks . | . . . . . Scanalyzer . | . . . . . Garrison Access Hacks . | . . . . . Unauthorized Hacks . | . . . . . Terminals . | . . . . . Fabricators . | . . . . . Repair Stations . | . . . . . Recycling Units . | . . . . . Scanalyzers . | . . . . . Garrison Access . | . . . . . Data Cores Recovered . | . . . . . Used . | . . . . . Hacking Detections 1 | . . . . 1 Full Trace Events . | . . . . . Feedback Events . | . . . . . Feedback Blocked . | . . . . . Robot Schematics Acquired . | . . . . . Robots Built . | . . . . . Matter . | . . . . . Time . | . . . . . Total Robot Build Rating . | . . . . . Part Schematics Acquired . | . . . . . Parts Built . | . . . . . Matter . | . . . . . Time . | . . . . . Total Part Build Rating . | . . . . . Parts Repaired . | . . . . . Time . | . . . . . Parts Recycled . | . . . . . Recycled Matter . | . . . . . Retrieved Matter . | . . . . . Retrieved Components . | . . . . . Parts Scanalyzed . | . . . . . Part Schematics Acquired . | . . . . . Parts Damaged . | . . . . . Bothacking | -11 -10 -10 -9 -8 ------------ Run | Scr Mat Min Mat Mat Used RIF Installer . | . . . . . Robots Hacked . | . . . . . Non-combat . | . . . . . Combat . | . . . . . Robot Hacks Applied . | . . . . . Relay Couplers Released . | . . . . . Robots Rewired . | . . . . . Allies Hacked . | . . . . . Hacks Repelled . | . . . . . Allies | -11 -10 -10 -9 -8 -------- Run | Scr Mat Min Mat Mat Total Allies 4 | . . 4 . . Largest Group 3 | . . 3 3 . Highest-Rated Group 40 | . . 40 40 . Highest-Rated Ally 31 | . . 31 16 . Total Orders . | . . . . . Ally Attacks 41 | . . 16 25 . Total Damage 561 | . . 285 276 . Kills 14 | . . 7 7 . Allies Corrupted . | . . . . . Allies Melted . | . . . . . Intel | -11 -10 -10 -9 -8 ------- Run | Scr Mat Min Mat Mat Robot Analysis Total . | . . . . . Derelict Logs Recovered 1 | . . 1 . . Drone Launches . | . . . . . Drone Recoveries . | . . . . . Exploration | -11 -10 -10 -9 -8 ------------- Run | Scr Mat Min Mat Mat Turns Passed 1660 | 55 404 490 304 407 Spaces Moved 720 | 32 201 248 120 119 Core 4 | 4 . . . . Treads 303 | 28 201 74 . . Legs 413 | . . 174 120 119 Wheels . | . . . . . Hover . | . . . . . Flight . | . . . . . Fastest Speed 50 | 50 160 120 150 150 Average Speed 152 | 146 160 150 150 150 Slowest Speed 160 | 160 160 160 150 150 Overloaded Moves . | . . . . . Propulsion Burnouts . | . . . . . Robots Hopped . | . . . . . Cave-ins Triggered . | . . . . . Exploration Rate (%) 26 | 3 48 52 16 15 Regions Visited 4 Branch Regions 1 Pre-discovered Areas 2 | . . 2 . . Known Exits Taken . | . . . . . Unknown Exits Taken 4 | 1 1 1 1 . Scrap Searched 1 | . . 1 . . Spaces Dug . | . . . . . Terrain Destroyed 14 | . 9 . 5 . Melee . | . . . . . Projectile . | . . . . . AOE 14 | . 9 . 5 . Terrain Rammed . | . . . . . Walls Destroyed . | . . . . . Machines Disabled . | . . . . . Actions | -11 -10 -10 -9 -8 --------- Run | Scr Mat Min Mat Mat Total 1125 | 37 265 340 203 280 Wait 271 | . 47 63 47 114 Move 716 | 31 200 247 119 119 Hop . | . . . . . Pick Up 19 | . 5 6 4 4 Fast Attach 10 | 6 1 2 1 . Attach 10 | . . 3 2 5 Detach . | . . . . . Swap 15 | . 2 4 4 5 Drop 7 | . 1 3 2 1 Fire 77 | . 9 12 24 32 Melee . | . . . . . Ram . | . . . . . Kick . | . . . . . Crush . | . . . . . Escape Stasis . | . . . . . Rewire . | . . . . . Trap . | . . . . . Miscellaneous . | . . . . . Route ------- -11/Scrapyard -10/Materials -10/Mines -9/Materials -8/Materials (discovered 3 exits: Fac x3) History --------- Turn | Location | Event 4 | -11/Scrapyard | Discovered new exit (range 16) 56 | -11/Scrapyard | Entered Materials 310 | -10/Materials | Build established: Mutant 452 | -10/Materials | Discovered new exit (range 5) 460 | -10/Materials | Entered Mines 465 | -10/Mines | Met a Derelict bent on vengeance 469 | -10/Mines | Escorted by a lone wolf Derelict 489 | -10/Mines | Learned location of Storage (-8) 500 | -10/Mines | Assembled infested the area 562 | -10/Mines | Lost 5 parts (1p2u2w) 920 | -10/Mines | Build established: Scavenger-Mutant 923 | -10/Mines | Discovered new exit (range 9) 943 | -10/Mines | Assisted by bots powering up and referring to "LRC-V3" 950 | -10/Mines | Entered Materials 950 | -9/Materials | Accompanied by 3 allies 950 | -9/Materials | Evolved 2 slots: Utility x2 1217 | -9/Materials | Discovered new exit (range 16) 1254 | -9/Materials | Entered another Materials area 1254 | -8/Materials | Evolved 2 slots: Power x1, Weapon x1 1347 | -8/Materials | Identified exit to Factory 1548 | -8/Materials | Build established: Scavenger-Gunner 1661 | -8/Materials | Self-destructed Last Messages --------------- Overheating: System interference. Armor Integrity Analyzer temporarily disabled. Imp. Heat Sink temporarily disabled. Electrolaser temporarily disabled. K-01 Serf collects debris. Hvy. Laser destroyed. K-01 Serf collects debris. Sml. Laser destroyed. K-01 Serf collects debris. Lgt. Ion Engine destroyed. Carbon-fiber Leg destroyed. Sml. Laser destroyed. K-01 Serf collects debris. Carbon-fiber Leg destroyed. G-47 Trooper destroyed. K-01 Serf collects debris. Lgt. Nuclear Core destroyed. K-01 Serf collects debris. Electrolaser destroyed. [Achievement: Back For More] Map ----- +----------------------------------------------------+ | ?????????????????????????????????????????????????? | | ?????????????????????????????????????????????????? | | ????????????????? #?????????????????????????????? | | ????????????????? ?????????????????????????????? | | ????????????????? #?????????????????????????????? | | ????????????????? #?????????????????????????????? | | ???????????????? #?????????????????????????????? | | ???????????????? #?????????????????????????????? | | ???????????????? #?????????????????????????????? | | ???????????????? #?????????????????????????????? | | ######?????????? #??????? ????????????????????? | | ! #?????????? #??????? #??????????????????? | | #?????????? #???##?? #??????????????????? | | #????????## #####T## #??????????????????? | | * ########## #??????????????????? | | % % #??????????????????? | | # ########### """"" #??????????????????? | | # #???????### ""T"" #??????????????????? | | # #???????#"" +??????????????????? | | + #???????#"T #??????????????????? | | # #???????#"" #??????????????????? | | # #???????### /""" """ #??????????????????? | | # #?????????#=%""" """Y=* #??????????????????? | | # #?????????# *""" """=*k! #??????????????????? | | # #?????????# ==gg[=#??????????????????? | | # #?????????# !!@%=% #??????????????????? | | # #???????#####+#########%* #??????????????????? | | # #???????# T #???? #??????????????????? | | # #???????# #????? ?????????????????? | | # #???????# #????? ???????????????? | | ? ????????# ! #?????? ??????????????? | | ????????????# #?????? ######?????????????? | | ????????????# """ """ #???????#??????????????????? | | ????????????# """ """ #??????????????????????????? | | ????????????# """ """ #??????????????????????????? | | ????????????###########??????????????????????????? | | ?????????????????????????????????????????????????? | | ?????????????????????????????????????????????????? | | ?????????????????????????????????????????????????? | | ?????????????????????????????????????????????????? | | ?????????????????????????????????????????????????? | | ?????????????????????????????????????????????????? | | ?????????????????????????????????????????????????? | | ?????????????????????????????????????????????????? | | ?????????????????????????????????????????????????? | | ?????????????????????????????????????????????????? | | ?????????????????????????????????????????????????? | | ?????????????????????????????????????????????????? | | ?????????????????????????????????????????????????? | | ?????????????????????????????????????????????????? | +----------------------------------------------------+ Best States ------------- Heat Dissipation 56 Energy Generation 19 Energy Capacity 250 Matter Stores 300 Matter Capacity 300 Sight Range 16 Terrain Scan Density 10 Resistance: KI 20 Resistance: TH 20 Resistance: EX 20 Resistance: EM 20 Resistance: I 20 Resistance: S 20 Resistance: P 20 Evasion (%) 40 Targeting Accuracy 6 Target Analysis 5 Armor Integrity Analysis 33 Recoil Reduction 2 Offensive Hacking 10 Item Schematics ----------------- None Robot Schematics ------------------ None Fabricated ------------ Nothing Alien Tech Used ----------------- None Achievements -------------- Back For More Challenges ------------ None Game ------ Seed HardlightInertialManipulator Manual? 0 Play Time 00:20:35 Cumulative 27.3 hours Start 2020.11.30 @ 12:16:41 End 2020.11.30 @ 12:35:16 Sessions 1 Manual Loads 0 Difficulty Adventurer Special Mode Halloween2020/ForbiddenLore Game No. 51 Rogue 44 Adventurer 7 Explorer 0 Win Type - Total 0 Types 0/0/0/0/0/0/0/0/0 Lore% 7 Gallery% 20 Achievement% 13 Wizard Run 0 Options --------- ASCII 0 Keyboard 0 Movement Mouse Keybinds 0 Fullscreen 2 Font 18/SmallcapsGlow Map View 76x50 Tactical HUD 0 Map Filters NONE Filters NONE Steam 1 RUN: 8ab8553e-1181-461d-b625-b91cb255355a